 Dungeon Crawl Stone Soup version 0.31-a0-654-gbe3e110b4e (webtiles) character file.

Game seed: 4708522280856959105

35 AiryTheDragon the Stinger (level 3, -3/24 HPs)
             Began as a Demonspawn Venom Mage on Aug 29, 2023.
             Slain by a gnoll
             ... wielding a +0 flail
              (10 damage)
             ... on level 1 of the Dungeon.
             The game lasted 00:15:26 (1232 turns).

AiryTheDragon the Stinger (Demonspawn Venom Mage)   Turns: 1232, Time: 00:15:29

Health: -3/24      AC:  4    Str: 10    XL:     3   Next: 17%
Magic:  2/6        EV: 12    Int: 16    God:
Gold:   85         SH:  0    Dex: 13    Spells: 5/6 levels left

rFire   . . .        j - +2 short sword (flame)
rCold   . . .        (no shield)
rNeg    . . .        a - +0 robe
rPois   .            (no helmet)
rElec   .            (no cloak)
rCorr   .            (no gloves)
SInv    .            (no boots)
Will    .....        (no amulet)
Stlth   ++           (no ring)
HPRegen 0.24/turn    (no ring)
MPRegen 0.10/turn

%: no passive effects
@: very slightly contaminated
A: claws 1, molten scales 1
a: no special abilities


You were on level 1 of the Dungeon.
You visited 1 branch of the dungeon, and saw 2 of its levels.

You collected 85 gold pieces.

Inventory:

Hand Weapons
 d - a +0 short sword
 j - a +2 short sword of flaming (weapon)
Missiles
 h - 4 poisoned darts
Armour
 a - a +0 robe (worn)
Talismans
 l - a flux talisman
Wands
 m - a wand of mindburst (12)
Scrolls
 c - a scroll of identify {unknown}
 f - 2 scrolls of noise {unknown}
 g - a scroll of teleportation {unknown}
Potions
 b - a potion of magic
 e - a potion of brilliance {unknown}
 i - a potion of lignification {unknown}
 k - a potion of curing {unknown}


   Skills:
 + Level 0.5 Short Blades
 + Level 2.0 Dodging
 + Level 1.8 Stealth
 + Level 0.2 Unarmed Combat
 + Level 2.2 Spellcasting
 + Level 1.1 Transmutations
 + Level 3.6 Poison Magic


You had 5 spell levels left.
You knew the following spells:

 Your Spells              Type           Power      Damage    Failure   Level
a - Sting                 Tmut/Pois      36%        1d4       8%          1

Your spell library contained the following spells:

 Spells                   Type           Power      Damage    Failure   Level
 Poisonous Vapours        Pois/Air       14%        N/A       14%         2
 Mephitic Cloud           Conj/Pois/Air  5%         N/A       36%         3
 Olgreb's Toxic Radiance  Pois           13%        N/A       41%         4


Dungeon Overview and Level Annotations

Branches:
Dungeon (2/15)

Altars:


Innate Abilities, Weirdness & Mutations

You have sharp fingernails.
You are partially covered in molten scales. (AC +2)


Message History

The sting hits the gnoll.
The gnoll is poisoned.
The gnoll is lightly wounded.
There is a stone staircase leading up here.
Autopickup is now off.
Autopickup is now on.
Casting: Sting (safe; 8% risk of failure)
Confirm with . or Enter, or press ? or * to list all spells.
Aiming: Sting (safe; 8% risk of failure)
Press: ? - help, Shift-Dir - straight line, f/p - gnoll
Aim: a gnoll, wielding a +0 flail (moderately wounded, poisoned, 72% to hit)
The sting hits the gnoll.
The gnoll looks even sicker.
The gnoll is moderately wounded.
The gnoll hits you with a +0 flail.
You climb upwards.
There is a stone staircase leading down here.
You hit the gnoll but do no damage.
The gnoll is moderately wounded.
The gnoll completely misses you.
You completely miss the gnoll.
The gnoll is heavily wounded.
The gnoll hits you with a +0 flail.
* * * LOW HITPOINT WARNING * * *
Casting: Sting (safe; 8% risk of failure)
Confirm with . or Enter, or press ? or * to list all spells.
Aiming: Sting (safe; 8% risk of failure)
Press: ? - help, Shift-Dir - straight line, f - gnoll
Aim: a gnoll, wielding a +0 flail (heavily wounded, very poisoned, 72% to hit)
The sting hits the gnoll but does no damage.
The gnoll looks even sicker.
The gnoll is heavily wounded.
The gnoll closely misses you.
Casting: Sting (safe; 8% risk of failure)
Confirm with . or Enter, or press ? or * to list all spells.
Aiming: Sting (safe; 8% risk of failure)
Press: ? - help, Shift-Dir - straight line, f/p - gnoll
Aim: a gnoll, wielding a +0 flail (heavily wounded, very poisoned, 72% to hit)
You miscast Sting.
You are very lightly contaminated with residual magic.
Nothing appears to happen.
The gnoll hits you with a +0 flail!
You die...

...#.........#.#.# #.#
..##.#.....#.#.#.# #.#
..##.#.###.#.#.#.# #.#
..#...^#.#.#.#.#.# #.#
..#....#.#.#.#.#.# #.#
..#....#...#.#.#.# #.#
..#....#####.#.#.# #)#
..##.#.......#.#g# #.#
..w.............@#########.#
..##.............#.........##
.............#..............#
#####......#...#.#.#######.##
# #......#..##.#.# #.# #
#......#..##.#.# #.#
#####.........##.#.# #.#
....#........###.#.# #.#
###.#......#.# #.#.# #.#


You could see a gnoll (very poisoned).

Vanquished Creatures
  3 dart slugs (D:1)
  5 endoplasms
  A giant cockroach (D:2)
  A goblin (D:1)
  2 hobgoblins (D:1)
  7 kobolds (D:1)
  2 ball pythons
  2 bats (D:1)
  2 frilled lizards
  3 rats (D:1)
28 creatures vanquished.

Notes
Turn   | Place    | Note
-------+----------+-------------------------------------------
     0 | D:1      | AiryTheDragon the Demonspawn Venom Mage began the quest for
                  | the Orb.
     0 | D:1      | Reached XP level 1. HP: 13/13 MP: 3/3
   170 | D:1      | Gained mutation: You are partially covered in molten
                  | scales. (AC +2) [demonic ancestry]
   170 | D:1      | Reached XP level 2. HP: 19/19 MP: 5/5
   330 | D:1      | Reached skill level 1 in Transmutations
   960 | D:1      | Gained mutation: You have sharp fingernails. [demonic
                  | ancestry]
   960 | D:1      | Reached XP level 3. HP: 24/24 MP: 6/6
  1232 | D:1      | Slain by a gnoll

Illustrated notes

Levels and vault maps discovered:
D:1:      ncdulo_lavacross, layout_basic, corexii_hall_statues_u,
          minmay_tree_intersection, minmay_octomino_e4
D:2:      layout_basic, serial_aquarium, aquarium_bridge_long_separate
          [aquarium_subvault_bridge, aquarium_subvault_wall,
          aquarium_subvault_bridge, aquarium_subvault_window,
          aquarium_subvault_window, aquarium_subvault_bridge],
          aquarium_bridge_island_small [aquarium_subvault_small_open,
          aquarium_subvault_bridge, aquarium_subvault_bridge,
          aquarium_subvault_window, aquarium_subvault_wall],
          aquarium_window_fake, aquarium_window_fake, aquarium_window_fake,
          aquarium_view_2b, aquarium_pool_double

Skill      XL: |  1  2  3 |
---------------+----------+-----
Transmutations | 1 |  1.1
Dodging        | 2 |  2.0
Short Blades   | |  0.5
Stealth        | |  1.8
Unarmed Combat | |  0.2
Spellcasting   | |  2.2
Poison Magic   | |  3.6

Action                     || total
---------------------------++-------
  Melee: Unarmed           ||    13
         Short sword       ||    25
         Punch             ||     1
   Cast: Sting             ||    30
   Stab: Sleeping          ||     4
 Armour: Robe              ||     8
  Dodge: Dodged            ||    23

Table legend: (Time is in decaauts)
 A = Elapsed time spent in this place.
 B = Non-inter-level travel time spent in this place.
 C = Inter-level travel time spent in this place.
 D = Time resting spent in this place.
 E = Time spent auto-exploring this place.
 F = Levels seen in this place.
 G = Mean time per level.
                   A        B        C        D        E       F      G
               +--------+--------+--------+--------+--------+-----+--------+
         Total |   1230 |   1230 |      0 |      0 |    996 |   2 |  615.0 |
       Dungeon |   1230 |   1230 |      0 |      0 |    996 |   2 |  615.0 |
               +--------+--------+--------+--------+--------+-----+--------+

Top non-repeatable levels by time:
     D:1: 991 daAuts
     D:2: 239 daAuts
